 Dungeon Crawl Stone Soup version 0.29.1-15-g9cfb28693d (webtiles) character file.

Game seed: 5513051541563884702

2019 Bordeaux the Protected (level 9, -4/70 HPs)
             Began as a Minotaur Fighter on Mar 31, 2023.
             Was an Elder of Hepliaklqana.
             Slain by a wyvern (13 damage)
             ... on level 7 of the Dungeon on Apr 18, 2023.
             The game lasted 00:34:09 (9647 turns).

Bordeaux the Protected (Minotaur Fighter)           Turns: 9647, Time: 00:34:10

Health: -4/70      AC: 15    Str: 25    XL:     9   Next: 3%
Magic:  8/8        EV:  8    Int:  7    God:    Hepliaklqana [****..]
Gold:   87         SH:  5    Dex: 10    Spells: 8/8 levels left

rFire   . . .      SeeInvis .   g - +6 long sword of Woset {vorpal, rCorr Int+2}
rCold   . . .      Faith    .   c - +0 buckler
rNeg    . . .      Spirit   .   s - +0 chain mail
rPois   .          Reflect  .   (helmet restricted)
rElec   .          Harm     .   (no cloak)
rCorr   +          Rampage  .   (no gloves)
Will    .....                   (no boots)
Stlth   ..........              (no amulet)
HPRegen 0.21/turn               H - +4 ring of protection
MPRegen 0.11/turn               (no ring)

@: marked
A: reduced essence, horns 2, retaliatory headbutt
a: Renounce Religion, Recall Ancestor, Ancestor Identity, Transference, Idealise


You were on level 7 of the Dungeon.
You worshipped Hepliaklqana.
Hepliaklqana was greatly pleased with you.
You visited 2 branches of the dungeon, and saw 8 of its levels.

You collected 245 gold pieces.
You spent 158 gold pieces at shops.

Inventory:

Hand Weapons
 a - a +0 long sword of venom
 g - the +6 long sword of Woset (weapon) {vorpal, rCorr Int+2}
   (You acquired it on level 1 of the Dungeon)

   It inflicts extra damage upon your enemies.
   Int:       It affects your intelligence (+2).
   rCorr:     It protects you from acid and corrosion.
 l - a +1 dagger of speed
 o - a +0 rapier of draining
 p - a +0 great mace
 t - a +0 sling
 x - a +3 mace
 z - a +0 quarterstaff
 A - a +1 dagger of draining
 B - a +0 dagger of venom
 D - a +1 vorpal dire flail
 E - a +2 scythe of venom
 J - a +2 flail of protection
 L - a +0 morningstar
Missiles
 r - 54 stones (quivered)
Armour
 c - a +0 buckler (worn)
 s - a +0 chain mail (worn)
 G - a +0 chain mail
 K - a +0 chain mail
Jewellery
 H - a +4 ring of protection (left hand)
Wands
 i - a wand of flame (21)
 v - a wand of polymorph (6)
 N - a wand of paralysis (5)
Scrolls
 b - a scroll of enchant armour {unknown}
 f - 2 scrolls of amnesia {unknown}
 m - a scroll of fear
 n - 3 scrolls of teleportation {unknown}
 u - 2 scrolls of poison {unknown}
 w - 2 scrolls of blinking
 y - a scroll of summoning {unknown}
 F - a scroll of noise {unknown}
 M - a scroll of enchant weapon {unknown}
Potions
 d - a potion of might
 e - 2 potions of curing {unknown}
 h - 2 potions of ambrosia {unknown}
 j - a potion of invisibility {unknown}
 k - a potion of attraction {unknown}
 q - a potion of haste {unknown}
 C - 2 potions of heal wounds {unknown}
 I - a potion of brilliance {unknown}


   Skills:
 + Level 6.4 Fighting
 + Level 8.0 Long Blades
 + Level 9.7 Armour
 + Level 2.0 Dodging
 + Level 2.2 Stealth
 + Level 5.1 Shields
 + Level 0.3 Evocations


You had 8 spell levels left.
You didn't know any spells.
Your spell library contained the following spells:

 Spells                   Type           Power      Damage    Failure   Level
 Freeze                   Ice            0%         1d3       97%         1
 Slow                     Hex            0%         N/A       97%         1
 Frozen Ramparts          Ice            0%         1d1       100%        3
 Portal Projectile        Hex/Tloc       0%         N/A       100%        3
 Tukima's Dance           Hex            0%         N/A       100%        3
 Hailstorm                Conj/Ice       0%         3d3       100%        4
 Blade Hands              Tmut           0%         N/A       100%        5


Dungeon Overview and Level Annotations

Branches:
Dungeon (7/15)             Temple (1/1) D:5

Altars:
Ashenzari
Cheibriados
Elyvilon
Fedhas
Gozag
Hepliaklqana
Makhleb
Nemelex Xobeh
Okawaru
Qazlal
Ru
Sif Muna
Trog
Vehumet
Wu Jian
Xom
Yredelemnul
Zin
The Shining One

Shops:
D:6 *


Innate Abilities, Weirdness & Mutations

Your life essence is reduced to manifest your ancestor. (-10% HP)
You have a pair of horns on your head.
You reflexively headbutt those who attack you in melee.


Message History

Hsekiu hits Prince Ribbit with a +0 flail!
Prince Ribbit hits you. Prince Ribbit hits you!
Hsekiu hits Prince Ribbit with a +0 flail!
You block the wyvern's attack.
The wyvern bites you but does no damage.
Prince Ribbit blinks!
The wyvern bites you.
Hsekiu hits Prince Ribbit with a +0 flail!
Prince Ribbit dies!
Your Long Blades skill increases to level 8!
You have reached level 9!
Your experience leads to an increase in your attributes!
Your base attributes are Str 23, Int 5, Dex 10.
Increase (S)trength, (I)ntelligence, or (D)exterity?
You feel stronger. x2
Hsekiu remembers more of his old skill.
Unknown command.
You hit the wyvern.
The wyvern is moderately wounded.
The wyvern bites you. The wyvern bites you!
Hsekiu completely misses the wyvern.
You slash the black bear!
The black bear is heavily wounded.
The wyvern bites you!
* * * LOW HITPOINT WARNING * * *
Hsekiu barely misses the wyvern.
The black bear bites you but does no damage.
The black bear claws you but does no damage.
The black bear closely misses you.
Aiming: Paralyse
Press: ? - help, Q - select action, (/) - cycle Shift-Dir - straight line, f - black bear
Aim: a black bear (heavily wounded, chance to affect: 50%)
The black bear resists with some effort.
You block the wyvern's attack. x2; Hsekiu hits the wyvern with a +0 flail!
The black bear bites you but does no damage.
The black bear claws you but does no damage.
The black bear barely misses you. The wyvern bites you!
You die...

#####.####### #.#
#.# #.# #.# #.#
##.## ##'## #...#
##...## #.#.#
##.....## #...#
##..R.h..##
##...####....l....#
#.......'.....@...+
##...####.........#
#..## ##.......##
#.## ##.....## #.#
##...## #.# ##+##
#.# #.# #.#


You could see the friendly Hsekiu the knight, a black bear and a wyvern (ally
target).

Vanquished Creatures
  Sigmund (D:4)
  Eustachio (D:5)
  Menkaure (D:5)
  Edmund (D:4)
  2 ogres (D:6)
  A necrophage (D:6)
  A howler monkey (D:4)
  2 hounds (D:5)
  Terence (D:2)
  An iguana (D:5)
  2 orc wizards
  2 gnolls
  3 adders
  A shadow imp (D:5)
  An ufetubus (D:3)
  2 dart slugs
  An orc (D:6)
  3 endoplasms (D:2)
  A giant cockroach (D:1)
  5 goblins (D:4)
  7 hobgoblins
  3 jackals (D:1)
  4 quokkas
  3 ball pythons
  A bat (D:1)
  A frilled lizard (D:1)
  7 kobolds
  3 rats
62 creatures vanquished.

Vanquished Creatures (collateral kills)
  Prince Ribbit (D:7)
  2 water moccasins
  A phantom (D:5)
  A scorpion (D:4)
  7 hounds
  3 iguanas
  Ijyb (D:5)
  Robin (D:4)
  3 adders
  5 gnolls
  A white imp (D:3)
  A worm (D:5)
  3 orcs
  4 endoplasms
  A giant cockroach (D:4)
  6 goblins
  2 hobgoblins (D:4)
  A ball python (D:4)
  A bat (D:3)
  A frilled lizard (D:3)
  A kobold (D:3)
47 creatures vanquished.

Vanquished Creatures (others)
  An ancestor (D:2)
  A fungus (D:1)
  2 plants (D:1)
4 creatures vanquished.

Grand Total: 113 creatures vanquished

Notes
Turn   | Place    | Note
-------+----------+-------------------------------------------
     0 | D:1      | Bordeaux the Minotaur Fighter began the quest for the Orb.
     0 | D:1      | Reached XP level 1. HP: 19/19 MP: 0/0
   254 | D:1      | Identified a scroll of acquirement
   255 | D:1      | Acquired the +6 long sword of Woset {vorpal, rCorr Int+2}
   257 | D:1      | Reached XP level 2. HP: 13/27 MP: 1/1
  1052 | D:1      | Reached skill level 4 in Armour
  1191 | D:1      | Found a faded altar of an unknown god.
  1204 | D:1      | Prayed at the altar of an unknown god.
  1204 | D:1      | Became a worshipper of Hepliaklqana the Forgotten
  1204 | D:1      | Reached * piety under Hepliaklqana
  1409 | D:2      | Noticed Terence
  1418 | D:2      | Killed Terence
  1419 | D:2      | Reached XP level 3. HP: 2/29 MP: 2/2
  2947 | D:3      | Reached skill level 5 in Armour
  2947 | D:3      | Reached XP level 4. HP: 36/36 MP: 3/3
  3392 | D:3      | Reached ** piety under Hepliaklqana
  3644 | D:3      | Remembered your ancestor Hsekiu as a knight
  4107 | D:3      | Found a bloodstained altar of Trog.
  4132 | D:3      | Found a shimmering blue altar of Sif Muna.
  4139 | D:3      | Got Sif Muna's Handbook of Charms
  4364 | D:4      | Noticed a scorpion
  4376 | D:4      | Killed a scorpion
  4377 | D:4      | Reached XP level 5. HP: 41/41 MP: 4/4
  4584 | D:4      | Reached skill level 1 in Stealth
  4603 | D:4      | Reached skill level 1 in Dodging
  4628 | D:4      | Reached skill level 6 in Armour
  4710 | D:4      | Found a hazy altar of Hepliaklqana.
  4771 | D:4      | Found an ornate altar of the Wu Jian Council.
  4798 | D:4      | Noticed Robin
  4810 | D:4      | Killed Robin
  4811 | D:4      | Reached XP level 6. HP: 32/44 MP: 5/5
  4880 | D:4      | Noticed Edmund
  4891 | D:4      | Killed Edmund
  5019 | D:4      | Noticed Sigmund
  5026 | D:4      | Killed Sigmund
  5027 | D:4      | Reached skill level 5 in Long Blades
  5027 | D:4      | Reached XP level 7. HP: 39/54 MP: 6/6
  5960 | D:4      | Found a sacrificial altar of Ru.
  6435 | D:5      | Entered Level 5 of the Dungeon
  6435 | D:5      | Reached *** piety under Hepliaklqana
  6480 | D:5      | Reached skill level 7 in Armour
  6486 | D:5      | Reached skill level 5 in Fighting
  7082 | D:5      | Found a sparkling altar of Nemelex Xobeh.
  7231 | D:5      | Found a staircase to the Ecumenical Temple.
  7369 | D:5      | Reached XP level 8. HP: 54/61 MP: 7/7
  7403 | Temple   | Entered the Ecumenical Temple
  7739 | D:5      | Reached skill level 8 in Armour
  7746 | D:5      | Noticed Ijyb
  7756 | D:5      | Killed Ijyb
  7787 | D:5      | Noticed Eustachio
  7810 | D:5      | Killed Eustachio
  8364 | D:6      | Noticed Menkaure
  8367 | D:5      | Killed Menkaure
  8387 | D:6      | Reached skill level 9 in Armour
  8387 | D:6      | Reached skill level 5 in Shields
  8857 | D:6      | Reached **** piety under Hepliaklqana
  9091 | D:6      | Found Sukhiw's Gadget Gallery.
  9149 | D:6      | Bought a wand of paralysis (6) for 158 gold pieces
  9634 | D:7      | Noticed Prince Ribbit
  9643 | D:7      | Killed Prince Ribbit
  9644 | D:7      | Reached XP level 9. HP: 39/70 MP: 8/8
  9647 | D:7      | Slain by a wyvern

Illustrated notes

Levels and vault maps discovered:
D:1:      sevenhm_arrival_forest_fort_small_5, layout_rooms,
          dreamdust_ecumenical_altar_hidden_monk_grotto
D:2:      layout_loops_ring, minmay_misc_feat_four_crosses, uniq_terence
D:3:      layout_loops_ring, nzn_overflow_gifts_of_might_and_magic,
          kennysheep_big_empty_room
D:4:      layout_gridville, nzn_wu_jian_council_hall, nicolae_ru_awakened_eye,
          old_standard_altar, sigmund_edmund_badplayer, uniq_robin
D:5:      layout_loops_cross, nemelex_diamond_rough_becter,
          minmay_temple_entry_slanted, uniq_eustachio, uniq_ijyb
D:6:      layout_layer_cave, nicolae_shop_gadgets, uniq_menkaure
D:7:      layout_loops_corners, kennysheep_mini_moat,
          kennysheep_opposing_triangles, uniq_prince_ribbit1
Temple:   nicolae_temple_ecumenical_triangle

Skill      XL: |  1  2  3  4  5  6  7  8 |
---------------+-------------------------+-----
Armour         | 4 5 6 7 9 |  9.7
Shields        | 4 5 |  5.1
Long Blades    | 3 4 5 6 8 |  8.0
Fighting       | 4 5 6 |  6.4
Stealth        | 1 2 |  2.2
Dodging        | 1 2 |  2.0
Evocations     | |  0.3

Action                   |  1- 3 |  4- 6 |  7- 9 || total
-------------------------+-------+-------+-------++-------
Melee: Long sword        |    51 |    34 |    54 ||   139
       Headbutt          |     2 |     3 |     4 ||     9
Invok: Ancestor Identity |     1 |       |     1 ||     2
       Ancestor Life: Kn |       |     1 |       ||     1
Evoke: Wand              |       |       |     3 ||     3
  Use: Scroll            |     3 |     4 |     1 ||     8
 Stab: Distracted        |     1 |       |       ||     1
Armor: Scale mail        |    55 |       |       ||    55
       Chain mail        |       |    57 |    56 ||   113
Dodge: Dodged            |    57 |    29 |    33 ||   119
Block: Buckler           |    25 |    11 |    21 ||    57
